 Dungeon Crawl Stone Soup version 0.30.0-29-ga12c61a403 (webtiles) character file.

Game seed: 14914617731767489194

424 croobank the Firebug (level 6, -1/44 HPs)
             Began as a Gnoll Fire Elementalist on June 17, 2023.
             Slain by a yak (12 damage)
             ... on level 3 of the Dungeon.
             The game lasted 00:08:27 (3646 turns).

croobank the Firebug (Gnoll Fire Elementalist)      Turns: 3646, Time: 00:08:28

Health: -1/44      AC:  6    Str:  8    XL:     6   Next: 96%
Magic:  10/14      EV: 13    Int: 16    God:
Gold:   125        SH:  0    Dex: 12    Spells: 6/16 levels left

rFire   . . .        a - +1 dagger
rCold   . . .        (no shield)
rNeg    . . .        b - +0 robe
rPois   .            (no helmet)
rElec   .            (no cloak)
rCorr   .            (no gloves)
SInv    .            (no boots)
Will    .....        (no amulet)
Stlth   +++          q - +4 ring of protection
HPRegen 0.27/turn    (no ring)
MPRegen 0.14/turn

%: no passive effects
@: no status effects
A: fangs 1, strong nose, distributed training
a: no special abilities


You were on level 3 of the Dungeon.
You visited 1 branch of the dungeon, and saw 5 of its levels.

You collected 125 gold pieces.

Inventory:

Hand Weapons
 a - a +1 dagger (weapon)
 e - a +0 spear
 g - a +0 short sword
 h - a +0 hand axe
 k - a +0 falchion
 r - a +0 sling
Armour
 b - a +0 robe (worn)
 l - a +0 ring mail
 o - a +1 kite shield
Jewellery
 q - a +4 ring of protection (left hand)
Wands
 v - a wand of charming (8)
Scrolls
 d - a scroll of brand weapon
 m - a scroll of amnesia
 n - a scroll of teleportation
 p - a scroll of fog {unknown}
 s - a scroll of blinking {unknown}
 u - a scroll of poison
Potions
 c - a potion of resistance
 f - a potion of invisibility
 i - a potion of attraction
 j - a potion of curing
 t - a potion of mutation


   Skills:
 + Level 2.2 Fighting
 + Level 2.2 Short Blades
 + Level 2.2 Long Blades
 + Level 2.2 Axes
 + Level 2.2 Maces & Flails
 + Level 2.2 Polearms
 + Level 2.2 Staves
 + Level 2.2 Ranged Weapons
 + Level 2.2 Throwing
 + Level 2.2 Armour
 + Level 5.1 Dodging
 + Level 4.8 Stealth
 + Level 2.2 Shields
 + Level 2.2 Unarmed Combat
 + Level 5.5 Spellcasting
 + Level 2.8 Conjurations
 + Level 1.8 Hexes
 + Level 1.8 Summonings
 + Level 1.8 Necromancy
 + Level 1.8 Translocations
 + Level 1.8 Transmutations
 + Level 5.7 Fire Magic
 + Level 1.8 Ice Magic
 + Level 1.8 Air Magic
 + Level 1.8 Earth Magic
 + Level 1.8 Poison Magic
 + Level 2.5 Invocations
 + Level 2.2 Evocations


You had 6 spell levels left.
You knew the following spells:

 Your Spells              Type           Power      Damage    Failure   Level
a - Foxfire               Conj/Fire      72%        2x1d7     2%          1
b - Scorch                Fire           44%        2d7       1%          2
c - Inner Flame           Hex/Fire       16%        N/A       9%          3
d - Flame Wave            Conj/Fire      18%        2d7       24%         4

Your spell library contained the following spells:

 Spells                   Type           Power      Damage    Failure   Level
 Volatile Blastmotes      Fire/Tloc      32%        2d12      9%          3
 Call Canine Familiar     Summ           10%        N/A       21%         3
 Portal Projectile        Hex/Tloc       20%        N/A       21%         3
 Leda's Liquefaction      Hex/Erth       5%         N/A       56%         4


Dungeon Overview and Level Annotations

Branches:
Dungeon (5/15)
 Temple: D:4-7

Altars:


Innate Abilities, Weirdness & Mutations

You have very sharp teeth.
Your uncanny sense of smell can sniff out nearby items.
Your experience applies equally to all skills.


Message History

The yak gores you.
You hit the yak but do no damage.
The yak is almost dead.
The yak gores you.
Casting: Foxfire (safe; 2% risk of failure)
Confirm with . or Enter, or press ? or * to list all spells.
You conjure some foxfire!
The yak gores you!
You hit the yak but do no damage.
The yak is almost dead.
The yak is no longer more vulnerable to fire.
The foxfire hits the yak.
The yak is almost dead.
The foxfire hits the yak but does no damage.
The yak is almost dead.
The yak gores you but does no damage.
You hit the yak but do no damage. You bite the yak, but do no damage.
The yak is almost dead.
The yak barely misses you.
You hit the yak.
You kill the yak!
You start resting.
HP restored.
You start resting.
Magic restored.
There is a stone staircase leading down here.
You climb downwards.
The yak gores you! The yak gores you.
There is a stone staircase leading up here.
The yak gores you!
You climb upwards.
There is a stone staircase leading down here.
Casting: Foxfire (safe; 2% risk of failure)
Confirm with . or Enter, or press ? or * to list all spells.
Flames lash the yak but do no damage.
The yak gores you!
* * * LOW HITPOINT WARNING * * *
Casting: Scorch (safe; 1% risk of failure)
Confirm with . or Enter, or press ? or * to list all spells.
Flames lash the yak.
The yak is lightly wounded.
The yak's fire resistance burns away.
The yak gores you!
You die...

#.## ##...)..##.# ##.##.#
#. ##.##
##..#....##.####.##.# ##.
#..###...................#
#..
##.#....#.####.##.#########
#.# #...###.#.# #.##.# #.#
##.#.###.#.# #.##.# #.#
...#.....#.####.##.### #.#
.#####...............# #..
...#...#.#......@Y.#.# #..
##.#.###.######.####.####
#.. #...# #.#
#.........#######.. ##.##
#.# ######.##.......... #.#
#.###########.########....
#.# #.##.)........# #.##.
#.# #.......####### #.##.
#.# #.......#
##########.##. #.#
#.......# #........)....


You could see a yak (combustible).

Vanquished Creatures
  A yak (D:3)
  A jelly (D:4)
  A hound (D:4)
  2 iguanas
  2 orc wizards (D:4)
  2 adders (D:2)
  A gnoll (D:1)
  2 worms
  A dart slug (D:1)
  4 orcs
  6 bats
  3 endoplasms
  5 giant cockroaches
  8 goblins
  8 hobgoblins
  5 jackals
  3 quokkas (D:3)
  8 ball pythons
  5 frilled lizards
  9 kobolds
  3 rats (D:1)
80 creatures vanquished.

Vanquished Creatures (others)
  181 foxfires
181 creatures vanquished.

Grand Total: 261 creatures vanquished

Notes
Turn   | Place    | Note
-------+----------+-------------------------------------------
     0 | D:1      | croobank the Gnoll Fire Elementalist began the quest for
                  | the Orb.
     0 | D:1      | Reached XP level 1. HP: 13/13 MP: 6/6
   186 | D:1      | Reached XP level 2. HP: 19/19 MP: 5/7
   189 | D:1      | Learned a level 2 spell: Scorch
   228 | D:1      | Reached skill level 5 in Spellcasting
   228 | D:1      | Reached XP level 3. HP: 13/25 MP: 1/9
   454 | D:1      | Reached skill level 1 in Invocations
   883 | D:1      | Reached skill level 1 in Fighting
   883 | D:1      | Reached skill level 1 in Short Blades
   883 | D:1      | Reached skill level 1 in Long Blades
   883 | D:1      | Reached skill level 1 in Axes
   883 | D:1      | Reached skill level 1 in Maces & Flails
   883 | D:1      | Reached skill level 1 in Polearms
   883 | D:1      | Reached skill level 1 in Staves
   883 | D:1      | Reached skill level 1 in Ranged Weapons
   883 | D:1      | Reached skill level 1 in Throwing
   883 | D:1      | Reached skill level 1 in Armour
   883 | D:1      | Reached skill level 1 in Shields
   883 | D:1      | Reached skill level 1 in Unarmed Combat
   883 | D:1      | Reached skill level 1 in Evocations
  1098 | D:2      | Reached XP level 4. HP: 32/32 MP: 0/11
  1791 | D:2      | Reached skill level 1 in Hexes
  1791 | D:2      | Reached skill level 1 in Summonings
  1791 | D:2      | Reached skill level 1 in Necromancy
  1791 | D:2      | Reached skill level 1 in Translocations
  1791 | D:2      | Reached skill level 1 in Transmutations
  1791 | D:2      | Reached skill level 1 in Ice Magic
  1791 | D:2      | Reached skill level 1 in Air Magic
  1791 | D:2      | Reached skill level 1 in Earth Magic
  1791 | D:2      | Reached skill level 1 in Poison Magic
  1890 | D:2      | Found a faded altar of an unknown god.
  2237 | D:3      | Learned a level 3 spell: Inner Flame
  2242 | D:3      | Learned a level 4 spell: Flame Wave
  2636 | D:3      | Reached XP level 5. HP: 37/37 MP: 2/12
  2856 | D:3      | You fall into a shaft and drop 2 floors!
  2856 | D:5      | Entered Level 5 of the Dungeon
  3074 | D:4      | Reached XP level 6. HP: 44/44 MP: 5/14
  3513 | D:4      | Noticed a yak
  3515 | D:4      | Reached skill level 5 in Dodging
  3531 | D:4      | Noticed a yak
  3543 | D:3      | Killed a yak
  3646 | D:3      | Slain by a yak

Illustrated notes

Levels and vault maps discovered:
D:1:      ncdulo_smallfort, layout_loops_ring, minmay_hexomino_u4
D:2:      layout_basic, ebering_ecumenical_altar_webs
D:3:      layout_loops_ring, kennysheep_generic_room_16
D:4:      layout_gridville, chequers_serial_rivers_small_3
D:5:      minmay_chambers_of_threes, layout_gridville, pf_just_have_faith,
          minmay_temple_entry_glassed_door

Skill      XL: |  1  2  3  4  5  6 |
---------------+-------------------+-----
Conjurations   | 2 |  2.8
Spellcasting   | 5 |  5.5
Invocations    | 1 2 |  2.5
Fighting       | 1 2 |  2.2
Short Blades   | 1 2 |  2.2
Long Blades    | 1 2 |  2.2
Axes           | 1 2 |  2.2
Maces & Flails | 1 2 |  2.2
Polearms       | 1 2 |  2.2
Staves         | 1 2 |  2.2
Ranged Weapons | 1 2 |  2.2
Throwing       | 1 2 |  2.2
Armour         | 1 2 |  2.2
Shields        | 1 2 |  2.2
Unarmed Combat | 1 2 |  2.2
Evocations     | 1 2 |  2.2
Hexes          | 1 |  1.8
Summonings     | 1 |  1.8
Necromancy     | 1 |  1.8
Translocations | 1 |  1.8
Transmutations | 1 |  1.8
Ice Magic      | 1 |  1.8
Air Magic      | 1 |  1.8
Earth Magic    | 1 |  1.8
Poison Magic   | 1 |  1.8
Dodging        | 5 |  5.1
Stealth        | |  4.8
Fire Magic     | |  5.7

Action                     |  1- 3 |  4- 6 || total
---------------------------+-------+-------++-------
  Melee: Unarmed           |     1 |       ||     1
         Dagger            |    11 |    22 ||    33
         Bite              |     1 |     3 ||     4
   Cast: Foxfire           |    35 |    71 ||   106
         Scorch            |    12 |    28 ||    40
    Use: Potion            |     1 |       ||     1
         Scroll            |       |    15 ||    15
   Stab: Sleeping          |     2 |     2 ||     4
 Armour: Robe              |     1 |     4 ||     5
  Dodge: Dodged            |    22 |    28 ||    50
